 Dungeon Crawl Stone Soup version 0.18.1-50-g88ac8fd (webtiles) character file.

4421 jakorap12 the Slicer (level 10, -23/97 HPs)
             Began as a Kobold Berserker on Jan 27, 2017.
             Was an Elder of Trog.
             Annihilated by an orc warrior
             ... wielding a +2 scimitar of electrocution
              (25 damage)
             ... on level 8 of the Dungeon.
             The game lasted 00:17:03 (9559 turns).

jakorap12 the Slicer (Kobold Berserker)             Turns: 9559, Time: 00:17:04

Health: -23/97     AC:  5    Str: 26    XL:     10   Next: 62%
Magic:  19/19      EV: 26    Int:  5    God:    Trog [****..]
Gold:   315        SH:  0    Dex: 27    Spells: 0 memorised, 9 levels left

rFire  + + .     SeeInvis +     s - +0 short sword (speed)
rCold  x . .     Gourm    .     t - +0 leather armour
rNeg   . . .     Faith    .     (shield restricted)
rPois  +         Spirit   .     (no helmet)
rElec  .         Dismiss  .     (no cloak)
rCorr  .         Reflect  .     n - +1 pair of gloves of Instinct {-Tele rPois rC- Dex+5}
SustAt .         Harm     .     (no boots)
MR     .....     NoTele   +     (no amulet)
Stlth  ..........               r - ring "Lustruah" {Str+6 SInv}
                                y - ring "Lon Vuar" {rF++ MP+9 Slay+2}

@: berserking, very quick, not resistant to hostile enchantments, extremely
unstealthy
A: thin skeletal structure 1, carnivore 3
a: Berserk, Trog's Hand, Brothers in Arms, Burn Spellbooks, Renounce Religion


You were on level 8 of the Dungeon.
You worshipped Trog.
Trog was greatly pleased with you.
You were completely stuffed.

You visited 1 branch of the dungeon, and saw 8 of its levels.

You collected 315 gold pieces.

Inventory:

Hand Weapons
 s - a +0 short sword of speed (weapon)
 B - a +3 rapier of venom
Armour
 b - a +0 animal skin
 n - the +1 pair of gloves of Instinct (worn) {-Tele rPois rC- Dex+5}
   (You found it on level 5 of the Dungeon)

   It affects your dexterity (+5).
   It makes you vulnerable to cold.
   It protects you from poison.
   It prevents most forms of teleportation.
 q - a +1 robe of resistance
 t - a +0 leather armour (worn)
 u - a steam dragon hide
Jewellery
 o - an uncursed ring of flight
 r - the ring "Lustruah" (right hand) {Str+6 SInv}
   (You took it off Duvessa on level 5 of the Dungeon)

   [ring of see invisible]

   It affects your strength (+6).
   It lets you see invisible.
 y - the ring "Lon Vuar" (left hand) {rF++ MP+9 Slay+2}
   (You found it on level 4 of the Dungeon)

   [ring of magical power]

   It affects your accuracy and damage with ranged weapons and melee attacks
   (+2).
   It greatly protects you from fire.
   It affects your magic capacity (+9).
Wands
 a - a wand of confusion (27/48)
Scrolls
 d - a scroll of fog
 h - a scroll of remove curse
 j - a scroll of blinking
 C - a scroll of fear
 F - a scroll of teleportation
Potions
 e - a potion of resistance
 f - 2 potions of curing
 i - a potion of cure mutation
 m - a potion of haste
 p - 2 potions of agility
 v - a potion of heal wounds
 E - 2 potions of lignification
Books
 w - a book of Minor Magic

   Spells                             Type                      Level
   a - Magic Dart                     Conjuration                  1
   b - Blink                          Translocation                2
   c - Call Imp                       Summoning                    2
   d - Repel Missiles                 Charms/Air                   2
   e - Slow                           Hexes                        2
   f - Conjure Flame                  Conjuration/Fire             3
   g - Mephitic Cloud                 Conjuration/Poison/Air       3
   Trog disapproves of the use of such an item.
 A - the Disquisition on Moulding and Displacement
   (You found it on level 6 of the Dungeon)

   Spells                             Type                      Level
   a - Beastly Appendage              Transmutation                1
   b - Shroud of Golubria             Charms/Translocation         2
   c - Sticks to Snakes               Transmutation                2
   d - Recall                         Summoning/Translocation      3
   e - Teleport Other                 Translocation                3
   f - Ice Form                       Ice/Transmutation            4
   g - Irradiate                      Conjuration/Transmutation    5
   Trog disapproves of the use of such an item.
Comestibles
 c - 6 meat rations
 g - a beef jerky
 l - 2 slices of pizza


   Skills:
 + Level 8.9 Fighting
 * Level 11.6 Short Blades
 + Level 4.8 Armour
 + Level 9.3 Dodging
 - Level 2.2 Stealth


You had 9 spell levels left.
You didn't know any spells.

Dungeon Overview and Level Annotations

Branches:
Dungeon (8/15)             Temple (0/1) D:7
   Lair: D:8-11

Altars:
Gozag
Makhleb
Nemelex Xobeh
Trog
Yredelemnul
The Shining One

Shops:
D:7 %


Innate Abilities, Weirdness & Mutations

You are small and have problems with some larger weapons.
You are carnivorous and can eat meat at any time.
You have a somewhat thin skeletal structure (Dex +2, Stealth).


Message History

The orc priest calls down the wrath of Beogh upon you.
Beogh smites you!
The orc priest looks braver for a moment.
The orc warrior hits you with a scimitar of electrocution!!
A red film seems to cover your vision as you go berserk!
You feel yourself moving faster!
You feel mighty!
You feel somewhat less full. The orc priest hits you with a club.
The orc warrior hits you with a scimitar of electrocution!
* * * LOW HITPOINT WARNING * * *
You closely miss the orc warrior. You hit the orc warrior.
The orc warrior is lightly wounded.
The orc priest mumbles some strange prayers to Beogh against you.
Beogh smites you!
* * * LOW HITPOINT WARNING * * *
An orc wizard comes into view. It is wielding a dagger.
You are too berserk!
You feel a strong urge to attack something.
The orc warrior hits you with a scimitar of electrocution!!
You die...

##..
.%. ...
..#
##.#
..#
#####.#
#.ooo.#
#.#.#@#
# #o#<#
#.###
#.( ...
##. .#


You could see an orc warrior, an orc priest and an orc wizard.

Vanquished Creatures
  Pikel (D:5)
  Prince Ribbit (D:7)
  Grinder (D:5)
  A spriggan (D:7)
  Eustachio (D:6)
  A steam dragon (D:7)
  Menkaure (D:4)
  Edmund (D:5)
  6 ice beasts
  Duvessa (D:5)
  An orc warrior (D:7)
  A sky beast (D:7)
  2 slaves (D:5)
  A centaur (D:6)
  4 ogres
  6 giant frogs
  Dowan (D:5)
  A scorpion (D:7)
  A water moccasin skeleton (D:5)
  3 crimson imps
  2 hounds
  2 giant frog skeletons (D:6)
  6 orc priests
  8 orc wizards
  A centaur skeleton (D:4)
  An iguana (D:6)
  9 worker ants
  A hound skeleton (D:5)
  A worker ant zombie (D:7)
  3 gnolls (D:6)
  5 adders
  A shadow imp (D:7)
  An adder zombie (D:7)
  A dart slug (D:1)
  4 worms
  8 giant geckos
  18 orcs
  6 giant cockroaches
  11 goblins
  5 hobgoblins
  14 jackals
  5 kobolds
  2 quokkas (D:5)
  2 ball pythons (D:2)
  9 bats
  2 giant gecko skeletons
  2 giant newts (D:1)
  A quokka skeleton (D:4)
  16 rats
183 creatures vanquished.

Vanquished Creatures (others)
  A slave (D:5)
  A worker ant (D:5)
  A shadow imp (D:5)
  2 orcs (D:5)
5 creatures vanquished.

Grand Total: 188 creatures vanquished

Notes
Turn   | Place    | Note
--------------------------------------------------------------
     0 | D:1      | jakorap12 the Kobold Berserker began the quest for the Orb.
     0 | D:1      | Reached XP level 1. HP: 14/14 MP: 1/1
     2 | D:1      | Noticed an octopode
     2 | D:1      | Noticed a merfolk
     4 | D:1      | Noticed a halfling
     4 | D:1      | Noticed a formicid
     6 | D:1      | Noticed a human
     6 | D:1      | Noticed a spriggan
     8 | D:1      | Noticed a minotaur
     8 | D:1      | Noticed a vine stalker
    10 | D:1      | Noticed a gargoyle
    10 | D:1      | Noticed an elf
    12 | D:1      | Noticed a draconian
    12 | D:1      | Noticed a naga
    14 | D:1      | Noticed a demonspawn
    16 | D:1      | Noticed a troll
    16 | D:1      | Noticed a tengu
    18 | D:1      | Noticed a demigod
    18 | D:1      | Noticed a ghoul
    20 | D:1      | Noticed a vampire
    20 | D:1      | Noticed a dwarf
    22 | D:1      | Noticed a centaur
    24 | D:1      | Noticed an ogre
    24 | D:1      | Noticed a felid
   246 | D:1      | Reached XP level 2. HP: 5/19 MP: 2/2
   660 | D:1      | Reached skill level 5 in Short Blades
   846 | D:1      | Reached XP level 3. HP: 23/23 MP: 3/3
  1106 | D:1      | Reached ** piety under Trog
  1650 | D:2      | Found a glowing golden altar of the Shining One.
  1753 | D:2      | Found a sparkling altar of Nemelex Xobeh.
  1939 | D:2      | Reached skill level 6 in Short Blades
  1969 | D:2      | Reached XP level 4. HP: 12/28 MP: 4/4
  2330 | D:2      | Noticed a moth of wrath
  2333 | D:2      | Found a bloodstained altar of Trog.
  2997 | D:3      | Reached skill level 7 in Short Blades
  2997 | D:3      | Reached XP level 5. HP: 30/32 MP: 5/5
  3014 | D:3      | Noticed an ice beast
  3033 | D:3      | Killed an ice beast
  3033 | D:3      | Reached *** piety under Trog
  3033 | D:3      | Reached skill level 8 in Short Blades
  3033 | D:3      | Reached XP level 6. HP: 8/37 MP: 6/6
  3327 | D:3      | Found a faded altar to an unknown god.
  3714 | D:4      | Noticed Menkaure
  3944 | D:4      | Killed Menkaure
  3944 | D:4      | Reached skill level 9 in Short Blades
  3944 | D:4      | Reached XP level 7. HP: 42/42 MP: 7/7
  4009 | D:4      | Found an opulent altar of Gozag.
  4319 | D:4      | Reached skill level 1 in Stealth
  4781 | D:4      | Got a crude wooden ring
  5054 | D:5      | Entered Level 5 of the Dungeon
  5057 | D:5      | Noticed Duvessa
  5802 | D:5      | Reached XP level 8. HP: 39/48 MP: 8/8
  5960 | D:5      | Identified the ring "Lon Vuar" {rF++ MP+9 Slay+2} (You found it on level 4 of the Dungeon)
  6081 | D:5      | Reached skill level 5 in Fighting
  6081 | D:5      | Reached skill level 5 in Dodging
  6118 | D:5      | Gained mutation: You have a somewhat thin skeletal structure (Dex +2, Stealth). [potion of beneficial mutation]
  6377 | D:5      | Noticed Pikel
  6395 | D:5      | Noticed Dowan
  6400 | D:5      | Killed Duvessa
  6411 | D:5      | Killed Dowan
  6423 | D:5      | Killed Pikel
  6423 | D:5      | Reached XP level 9. HP: 57/57 MP: 9/9
  6434 | D:5      | Got a wavering bronze ring
  6460 | D:5      | Identified the ring "Lustruah" {Str+6 SInv} (You took it off Duvessa on level 5 of the Dungeon)
  6515 | D:5      | Noticed Edmund
  6528 | D:5      | Killed Edmund
  6697 | D:5      | Noticed Grinder
  6716 | D:5      | Killed Grinder
  6858 | D:5      | Reached **** piety under Trog
  6982 | D:5      | Got a pair of translucent gloves
  6988 | D:5      | Identified the +1 pair of gloves of Instinct {-Tele rPois rC- Dex+5} (You found it on level 5 of the Dungeon)
  7207 | D:6      | Identified the Disquisition on Moulding and Displacement
  7299 | D:6      | Found a burning altar of Makhleb.
  7389 | D:6      | Found a basalt altar of Yredelemnul.
  7392 | D:6      | Noticed Eustachio
  7399 | D:6      | Killed Eustachio
  7728 | D:6      | Reached skill level 10 in Short Blades
  7765 | D:6      | Reached XP level 10. HP: 60/64 MP: 10/10
  8553 | D:7      | Reached skill level 11 in Short Blades
  8713 | D:7      | Found Xois's Food Emporium.
  8714 | D:7      | Noticed Prince Ribbit
  8760 | D:7      | Killed Prince Ribbit
  9009 | D:7      | Found a staircase to the Ecumenical Temple.
  9557 | D:8      | HP: 2/97 [orc priest/divine providence (14)]
  9559 | D:8      | Annihilated by an orc warrior

Skill      XL: |  1  2  3  4  5  6  7  8  9 10 |
---------------+-------------------------------+-----
Short Blades   | 5 6 7 8 9 10 11 | 11.6
Armour         | 2 4 |  4.8
Dodging        | 3 4 7 8 9 |  9.3
Fighting       | 4 7 8 |  8.9
Stealth        | 2 |  2.2

Action                   |  1- 3 |  4- 6 |  7- 9 | 10-12 || total
-------------------------+-------+-------+-------+-------++-------
Melee: Short sword       |   116 |       |   126 |   249 ||   491
       Dagger            |    15 |   129 |   192 |       ||   336
       Rapier            |       |       |    20 |       ||    20
Invok: Berserk           |       |     1 |     4 |     3 ||     8
       Trog's Hand       |       |       |       |     1 ||     1
  Use: Potion            |     3 |       |     4 |       ||     7
       Scroll            |       |     1 |    12 |     1 ||    14
 Stab: Sleeping          |     1 |     3 |     4 |     3 ||    11
       Distracted        |       |       |     1 |     1 ||     2
  Eat: Chunk             |     8 |    10 |    17 |     8 ||    43
Armor: Animal skin       |    20 |     9 |     5 |       ||    34
       Leather armour    |       |       |     5 |    11 ||    16
Dodge: Dodged            |   103 |    93 |   177 |   123 ||   496
